 Dungeon Crawl Stone Soup version 0.31.0-11-ge490571c62 (console) character file.

Game seed: 5694949643310274296

86 JoeltCo the Trooper (level 4, 0/35 HPs)
             Began as a Mummy Fighter on Jan 27, 2024.
             Slain by a bat (1 damage)
             ... on level 3 of the Dungeon.
             The game lasted 00:02:48 (1760 turns).

JoeltCo the Trooper (Mummy Fighter)                 Turns: 1760, Time: 00:02:49

Health: 0/35       AC:  6    Str: 19    XL:     4   Next: 26%
Magic:  4/4        EV:  9    Int:  9    God:
Gold:   98         SH:  4    Dex: 11    Spells: 3/3 levels left

rFire   x . .        a - +0 trident (protect)
rCold   + . .        c - +0 buckler
rNeg    + + +        b - +0 scale mail
rPois   ∞            (no helmet)
rElec   .            (no cloak)
rCorr   .            (no gloves)
SInv    .            (no boots)
Will    .....        (no amulet) Stlth
                     (no ring)
HPRegen 0.25/turn    (no ring)
MPRegen 0.09/turn

%: faith
@: no status effects
A: cold resistance 1, negative energy resistance 3, torment resistance 2, heat
vulnerability 1, in touch with death 1, no potions, faith
a: no special abilities


You were on level 3 of the Dungeon.
You visited 1 branch of the dungeon, and saw 3 of its levels.

You collected 98 gold pieces.

Inventory:

Hand Weapons
 a - a +0 trident of protection (weapon)
Armour
 b - a +0 scale mail (worn)
 c - a +0 buckler (worn)
Scrolls
 g - a scroll of vulnerability


   Skills:
 + Level 3.4 Fighting
 + Level 2.6 Polearms
 + Level 2.8 Armour
 + Level 0.2 Dodging
 + Level 0.1 Stealth
 + Level 2.8 Shields


You had 3 spell levels left.
You didn't know any spells.
Your spell library contained the following spells:

 Spells                   Type           Power      Damage    Failure   Level
 Inner Flame              Hex/Fire       0%         N/A       99%         3
 Irradiate                Conj/Alch      0%         3d11      100%        5
 Ignition                 Fire           0%         3d3       100%        8


Dungeon Overview and Level Annotations

Branches:
Dungeon (3/15)

Altars:

Annotations:
D:3 1 transporter


Innate Abilities, Weirdness & Mutations

You are immune to poison.
Your flesh is cold resistant. (rC+)
You are immune to negative energy. (rN+++)
You are immune to unholy pain and torment.
You are vulnerable to heat. (rF-)
You are in touch with the powers of death.
You do not drink.
You have a special connection with the divine. (Faith)


Message History

Your butterfly disappears in a burst of colours!
You swap places.
You block the bullfrog's attack. The hobgoblin hits you.
* * * LOW HITPOINT WARNING * * *
The ball python completely misses your butterfly.
The ball python grabs your butterfly.
The ball python constricts your butterfly.
Your butterfly dies!
Your butterfly disappears in a burst of colours!
The bullfrog hits you but does no damage.
You swap places.
The bat closely misses you. The bat hits your butterfly.
Your butterfly dies!
Your butterfly disappears in a burst of colours!
The ball python completely misses your butterfly.
The ball python closely misses your butterfly.
You block the bullfrog's attack. The bat hits your butterfly.
Your butterfly dies!
Your butterfly disappears in a burst of colours!
The ball python barely misses you. The ball python grabs you.
The ball python constricts you. The bullfrog hits you.
* * * LOW HITPOINT WARNING * * *
You escape the ball python's grasp.
You swap places.
The hobgoblin's inner flame fades away.
The bat completely misses you. The bullfrog hits you.
* * * LOW HITPOINT WARNING * * *
The bat closely misses you.
You swap places.
The bullfrog's inner flame fades away.
You block the bat's attack. The bat barely misses your butterfly.
The bullfrog completely misses your butterfly.
The hobgoblin completely misses your butterfly.
The ball python bites your butterfly.
Your butterfly dies!
Your butterfly disappears in a burst of colours!
The bat misses your butterfly. The bullfrog hits your butterfly.
Your butterfly dies!
Your butterfly disappears in a burst of colours!
You swap places.
The bat barely misses your butterfly. The bat misses your butterfly.
The bat hits you.
You die...

#.## #....# . #.#
##...P#+##..
#.###..........
#.##........... #
######.##.......## #..
#>.........#...####...#
#......................
#....b.b.......:.##.#
#...b.bb...............
#.bbbbbb..b............
#.FS.b@.b.b...##.......
#..g.bb.b..............
#...bbb.bb...##.#......
#>....bb.....# .#......
###...bb...... #....$.
..b........#
#...........#
#.........### #######


You could see a bullfrog (ally target), a hobgoblin (ally target), a bat and a
ball python (inner flame, ally target).

Vanquished Creatures
  3 adders (D:3)
  A dart slug (D:2)
  4 orcs (D:3)
  8 bats
  4 endoplasms
  6 hobgoblins
  5 kobolds (D:1)
  A quokka (D:2)
  2 ball pythons
  3 frilled lizards (D:1)
  9 goblins
  4 rats
50 creatures vanquished.

Notes
Turn   | Place    | Note
-------+----------+-------------------------------------------
     0 | D:1      | JoeltCo the Mummy Fighter began the quest for the Orb.
     0 | D:1      | Reached XP level 1. HP: 18/18 MP: 1/1
   109 | D:1      | Reached XP level 2. HP: 23/24 MP: 2/2
   840 | D:1      | Reached XP level 3. HP: 28/29 MP: 3/3
  1410 | D:2      | Identified the +4 hand axe of Dung {elec, Str+3 Dex+2}
  1539 | D:3      | Found a transporter.
  1620 | D:3      | Reached XP level 4. HP: 35/35 MP: 4/4
  1720 | D:3      | Noticed a bullfrog
  1729 | D:3      | Identified a scroll of acquirement
  1729 | D:3      | Acquired a manual of Necromancy
  1757 | D:3      | HP: 1/35 [bullfrog (2)]
  1760 | D:3      | Slain by a bat

Illustrated notes

Levels and vault maps discovered:
D:1:      dpeg_arrival_morbid_curiosity, layout_basic
D:2:      layout_rooms
D:3:      gammafunk_steamed_eel, layout_rooms, minivault_4, corexii_shack

Skill      XL: |  1  2  3 |
---------------+----------+-----
Polearms       | 2 |  2.6
Fighting       | |  3.4
Armour         | |  2.8
Dodging        | |  0.2
Stealth        | |  0.1
Shields        | |  2.8

Action                     |  1- 3 |  4- 6 || total
---------------------------+-------+-------++-------
  Melee: Trident           |   153 |    24 ||   177
    Use: Scroll            |     7 |     3 ||    10
 Armour: Scale mail        |    72 |    49 ||   121
  Dodge: Dodged            |    73 |    24 ||    97
  Block: Buckler           |    31 |    12 ||    43
